cohdb
Replays
Latest Replays
All Replays
Popular Replays
Top Player Replays
Match Explorer
How It Works
Community
CoH3 Stats
Reddit
Sign in to upload your games and track your stats! →
Sign in with Steam
Match 42813536
Unlisted
Match 42813536
Overview
Messages
Build Orders
End
Construct Barracks
Selects Armored Battlegroup
Selects Veteran Crews
Riflemen Squad
Riflemen Squad
Riflemen Squad
Grenade Package
M1 Mortar Team
Mechanized Support Center
M1 Mortar Team
M1918 Browning Automatic Rifles
Selects Strength in Steel
Riflemen Squad
Riflemen Squad
Selects M31 Recovery Vehicle
Engineer Squad
Construct Tank Depot
Selects War Machine
M4A1 Sherman Medium Tank
Selects Seek and Destroy
Designate Forward Repair Station
M18 Hellcat Tank Destroyer
Ricebeard
admiral_gnar
Arcane Fan
sebastian-
MataMOsca
grimeroyal
0
0
Comments
sign in to comment!
No comments posted yet!